 Dungeon Crawl Stone Soup version 0.29-a0-620-g13ace881f2 (webtiles) character file.

Game seed: 15403463057803004892

755 greenreed the Caller (level 7, -4/51 HPs)
             Began as a Gnoll Summoner on June 18, 2022.
             Slain by a water moccasin (9 damage)
             ... on level 5 of the Dungeon.
             The game lasted 00:15:43 (4531 turns).

greenreed the Caller (Gnoll Summoner)               Turns: 4531, Time: 00:15:45

Health: -4/51      AC:  2    Str:  8    XL:     7   Next: 79%
Magic:  11/15      EV: 13    Int: 16    God:
Gold:   128        SH:  0    Dex: 12    Spells: 11/17 levels left

rFire   . . .      SeeInvis .   m - +2 spear (venom)
rCold   . . .      Faith    .   (no shield)
rNeg    . . .      Spirit   .   a - +0 robe
rPois   .          Reflect  .   (no helmet)
rElec   .          Harm     .   (no cloak)
rCorr   .          Rampage  .   (no gloves)
Will    .....                   (no boots)
Stlth   +++.......              (no amulet)
HPRegen 0.17/turn               l - ring of flight
MPRegen 0.14/turn               t - +4 ring of slaying

@: brilliant, lethally poisoned (-4 -> -13), flying
A: fangs 1, strong nose, distributed training
a: no special abilities


You were on level 5 of the Dungeon.
You visited 1 branch of the dungeon, and saw 5 of its levels.

You collected 225 gold pieces.
You spent 97 gold pieces at shops.

Inventory:

Hand Weapons
 e - a +2 whip of freezing
 m - a +2 spear of venom (weapon)
 r - a +0 dagger of holy wrath
Armour
 a - a +0 robe (worn)
 B - an orb of energy
Magical Staves
 o - a staff of air
Jewellery
 l - a ring of flight (left hand)
 t - a +4 ring of slaying (right hand)
Wands
 u - a wand of quicksilver (5)
Scrolls
 c - 5 scrolls of identify {unknown}
 d - 3 scrolls of blinking
 f - 2 scrolls of torment {unknown}
 g - 2 scrolls of magic mapping {unknown}
 i - 2 scrolls of immolation {unknown}
 k - 2 scrolls of teleportation {unknown}
 q - a scroll of fog {unknown}
 v - a scroll of enchant armour {unknown}
 x - a scroll of enchant weapon {unknown}
 y - a scroll of amnesia {unknown}
Potions
 b - a potion of magic
 h - a potion of haste {unknown}
 j - a potion of degeneration {unknown}
 n - a potion of berserk rage {unknown}
 p - 2 potions of brilliance
 s - a potion of heal wounds {unknown}
 w - a potion of lignification {unknown}
 z - a potion of ambrosia {unknown}
 A - a potion of curing {unknown}


   Skills:
 + Level 2.7 Fighting
 + Level 2.7 Short Blades
 + Level 2.7 Long Blades
 + Level 2.7 Axes
 + Level 2.7 Maces & Flails
 + Level 2.7 Polearms
 + Level 2.7 Staves
 + Level 2.7 Slings
 + Level 2.7 Bows
 + Level 2.7 Crossbows
 + Level 2.7 Throwing
 + Level 2.7 Armour
 + Level 5.3 Dodging
 + Level 5.0 Stealth
 + Level 2.7 Shields
 + Level 2.7 Unarmed Combat
 + Level 5.7 Spellcasting
 + Level 2.2 Conjurations
 + Level 2.2 Hexes
 + Level 7.5 Summonings
 + Level 2.2 Necromancy
 + Level 2.2 Translocations
 + Level 2.2 Transmutations
 + Level 2.2 Fire Magic
 + Level 2.2 Ice Magic
 + Level 2.2 Air Magic
 + Level 2.2 Earth Magic
 + Level 2.2 Poison Magic
 + Level 3.0 Invocations
 + Level 2.7 Evocations


You had 11 spell levels left.
You knew the following spells:

 Your Spells              Type           Power      Damage    Failure   Level
a - Summon Small Mammal   Summ           100%       N/A       1%          1
b - Call Imp              Summ           42%        N/A       1%          2
c - Call Canine Familiar  Summ           42%        N/A       1%          3

Your spell library contained the following spells:

 Spells                   Type           Power      Damage    Failure   Level
 Summon Guardian Golem    Hex/Summ       30%        N/A       6%          3
 Summon Lightning Spire   Summ/Air       30%        N/A       19%         4


Dungeon Overview and Level Annotations

Branches:
Dungeon (5/15)
 Temple: D:4-7

Altars:

Shops:
D:4 =(*


Innate Abilities, Weirdness & Mutations

You have very sharp teeth.
Your uncanny sense of smell can sniff out nearby items.
Your experience applies equally to all skills.


Message History

The water moccasin attacks as you move away!
The water moccasin bites you but does no damage.
You feel sick.
Your hound barely misses the water moccasin.
Your white imp hits the water moccasin.
Your white imp freezes the water moccasin.
You barely miss the water moccasin. You punch the water moccasin.
You bite the water moccasin.
The water moccasin is heavily wounded.
You feel sick. The water moccasin bites you.
You are more poisoned.
The water moccasin poisons you!
Your hound misses the water moccasin.
Your white imp completely misses the water moccasin.
You feel very sick.
Your white imp disappears in a puff of smoke!
The water moccasin closely misses you.
Your hound closely misses the water moccasin.
The water moccasin bites you.
* * * LOW HITPOINT WARNING * * *
Your hound bites the water moccasin.
* * * LOW HITPOINT WARNING * * *
You feel very sick.
Your hound barely misses the water moccasin.
Casting: Call Canine Familiar (safe; 1% risk of failure)
Confirm with . or Enter, or press ? or * to list all spells.
A beastly little devil appears in a puff of flame.
* * * LOW HITPOINT WARNING * * *
You feel very sick.
Your hound barely misses the water moccasin.
The water moccasin closely misses you.
Your hound barely misses the water moccasin.
The water moccasin misses you.
Okay, then.
It was a potion of brilliance.
You feel clever all of a sudden.
* * * LOW HITPOINT WARNING * * *
You feel sick.
Your hound barely misses the water moccasin.
The water moccasin bites you!
You die...

### #. ##..
## ###...
####..>.#
........#
#####
#....###.....
∆ ##h........
#.S......#
##@#.######
##..#..# ∆
##5###.##
##.## #..
##.## #.#
###.## #.. ∆
##...# #.#
##...## #.#
#....###


You could see a water moccasin (ally target), a friendly hound (summoned) and a
friendly crimson imp (summoned).

Vanquished Creatures
  Grinder (D:3)
  2 scorpions
  An orc priest (D:4)
  A gnoll (D:2)
  An adder (D:4)
  A dart slug (D:4)
  7 orcs (D:4)
  4 ball pythons
  An endoplasm (D:3)
  A giant cockroach (D:4)
  3 hobgoblins
  A kobold (D:1)
  2 quokkas (D:3)
  2 frilled lizards (D:3)
  A rat (D:1)
29 creatures vanquished.

Vanquished Creatures (collateral kills)
  A sky beast (D:4)
  A black bear (D:4)
  An orc priest (D:4)
  An iguana (D:5)
  3 gnolls (D:2)
  2 adders
  2 dart slugs
  6 orcs (D:4)
  A ball python (D:1)
  3 endoplasms (D:1)
  4 giant cockroaches (D:1)
  7 goblins
  4 hobgoblins
  2 quokkas
  2 bats (D:1)
  2 frilled lizards (D:1)
  5 kobolds
  5 rats
52 creatures vanquished.

Grand Total: 81 creatures vanquished

Notes
Turn   | Place    | Note
-------+----------+-------------------------------------------
     0 | D:1      | greenreed the Gnoll Summoner began the quest for the Orb.
     0 | D:1      | Reached XP level 1. HP: 13/13 MP: 6/6
   181 | D:1      | Reached XP level 2. HP: 13/19 MP: 2/7
   736 | D:1      | Reached XP level 3. HP: 25/25 MP: 6/9
   802 | D:1      | Reached skill level 5 in Spellcasting
  1236 | D:2      | Found a faded altar of an unknown god.
  1292 | D:2      | Reached skill level 1 in Invocations
  1349 | D:2      | Learned a level 2 spell: Call Imp
  1353 | D:2      | Learned a level 3 spell: Call Canine Familiar
  1518 | D:2      | Reached skill level 1 in Fighting
  1518 | D:2      | Reached skill level 1 in Short Blades
  1518 | D:2      | Reached skill level 1 in Long Blades
  1518 | D:2      | Reached skill level 1 in Axes
  1518 | D:2      | Reached skill level 1 in Maces & Flails
  1518 | D:2      | Reached skill level 1 in Polearms
  1518 | D:2      | Reached skill level 1 in Staves
  1518 | D:2      | Reached skill level 1 in Slings
  1518 | D:2      | Reached skill level 1 in Bows
  1518 | D:2      | Reached skill level 1 in Crossbows
  1518 | D:2      | Reached skill level 1 in Throwing
  1518 | D:2      | Reached skill level 1 in Armour
  1518 | D:2      | Reached skill level 1 in Shields
  1518 | D:2      | Reached skill level 1 in Unarmed Combat
  1518 | D:2      | Reached skill level 1 in Evocations
  1735 | D:2      | Reached XP level 4. HP: 32/32 MP: 4/11
  1966 | D:2      | Reached skill level 1 in Conjurations
  1966 | D:2      | Reached skill level 1 in Hexes
  1966 | D:2      | Reached skill level 1 in Necromancy
  1966 | D:2      | Reached skill level 1 in Translocations
  1966 | D:2      | Reached skill level 1 in Transmutations
  1966 | D:2      | Reached skill level 1 in Fire Magic
  1966 | D:2      | Reached skill level 1 in Ice Magic
  1966 | D:2      | Reached skill level 1 in Air Magic
  1966 | D:2      | Reached skill level 1 in Earth Magic
  1966 | D:2      | Reached skill level 1 in Poison Magic
  2180 | D:3      | Noticed Grinder
  3242 | D:3      | Killed Grinder
  3243 | D:3      | Reached skill level 5 in Dodging
  3243 | D:3      | Reached XP level 5. HP: 38/38 MP: 7/12
  3243 | D:3      | Reached XP level 6. HP: 44/44 MP: 8/14
  3415 | D:4      | Found Tukij's General Store.
  3415 | D:4      | Noticed a sky beast
  3433 | D:4      | Killed a sky beast
  3454 | D:4      | Bought a scroll of blinking for 97 gold pieces
  3480 | D:4      | Noticed a black bear
  3492 | D:4      | Killed a black bear
  3493 | D:4      | Reached XP level 7. HP: 51/51 MP: 6/15
  3590 | D:4      | Found Xiywkeh's Jewellery Shoppe.
  3798 | D:4      | Found Piruih's Antique Weapon Shoppe.
  4051 | D:4      | Reached skill level 5 in Stealth
  4168 | D:5      | Entered Level 5 of the Dungeon
  4531 | D:5      | Slain by a water moccasin

Illustrated notes

Levels and vault maps discovered:
D:1:      giann_bridges, layout_basic
D:2:      layout_rooms, ebering_ecumenical_altar_rust, due_unseen_surprise
D:3:      layout_basic, serial_aquarium, aquarium_bridge_square
          [aquarium_subvault_wall, aquarium_subvault_balcony,
          aquarium_subvault_wall, aquarium_subvault_bridge],
          aquarium_window_corridor_1, aquarium_window_1, aquarium_window_fake,
          aquarium_view_2b, aquarium_view_2a, kennysheep_generic_room_5,
          uniq_grinder
D:4:      layout_rooms, serial_shops, nicolae_shop_statue_plus,
          nicolae_diamond_shop, kennysheep_mini_moat
D:5:      layout_layer_cave, minmay_temple_entry_fiery, minivault_27,
          minivault_19, minmay_small_thing

Skill      XL: |  1  2  3  4  5  6  7 |
---------------+----------------------+-----
Spellcasting   | 5 |  5.7
Invocations    | 1 2 3 |  3.0
Fighting       | 1 2 |  2.7
Short Blades   | 1 2 |  2.7
Long Blades    | 1 2 |  2.7
Axes           | 1 2 |  2.7
Maces & Flails | 1 2 |  2.7
Polearms       | 1 2 |  2.7
Staves         | 1 2 |  2.7
Slings         | 1 2 |  2.7
Bows           | 1 2 |  2.7
Crossbows      | 1 2 |  2.7
Throwing       | 1 2 |  2.7
Armour         | 1 2 |  2.7
Shields        | 1 2 |  2.7
Unarmed Combat | 1 2 |  2.7
Evocations     | 1 2 |  2.7
Conjurations   | 1 2 |  2.2
Hexes          | 1 2 |  2.2
Necromancy     | 1 2 |  2.2
Translocations | 1 2 |  2.2
Transmutations | 1 2 |  2.2
Fire Magic     | 1 2 |  2.2
Ice Magic      | 1 2 |  2.2
Air Magic      | 1 2 |  2.2
Earth Magic    | 1 2 |  2.2
Poison Magic   | 1 2 |  2.2
Dodging        | 5 |  5.3
Stealth        | 5 |  5.0
Summonings     | |  7.5

Action                   |  1- 3 |  4- 6 |  7- 9 || total
-------------------------+-------+-------+-------++-------
Melee: Unarmed           |     2 |       |       ||     2
       Whip              |     4 |       |       ||     4
       Spear             |     2 |    32 |    35 ||    69
       Punch             |       |     1 |     2 ||     3
       Bite              |       |     1 |     2 ||     3
 Cast: Summon Small Mamm |    57 |       |       ||    57
       Call Canine Famil |     3 |     8 |     7 ||    18
       Call Imp          |     3 |     6 |     3 ||    12
  Use: Potion            |       |       |     1 ||     1
 Stab: Sleeping          |     1 |     3 |     1 ||     5
       Distracted        |       |       |     1 ||     1
Armor: Robe              |     2 |       |     5 ||     7
Dodge: Dodged            |     7 |     7 |    14 ||    28

Table legend: (Time is in decaauts)
 A = Elapsed time spent in this place.
 B = Non-inter-level travel time spent in this place.
 C = Inter-level travel time spent in this place.
 D = Time resting spent in this place.
 E = Time spent auto-exploring this place.
 F = Levels seen in this place.
 G = Mean time per level.
                   A        B        C        D        E       F      G
               +--------+--------+--------+--------+--------+-----+--------+
         Total |   4529 |   4368 |    161 |    147 |   3456 |   5 |  905.8 |
       Dungeon |   4529 |   4368 |    161 |    147 |   3456 |   5 |  905.8 |
               +--------+--------+--------+--------+--------+-----+--------+

Top non-repeatable levels by time:
     D:1: 1410 daAuts
     D:3: 1283 daAuts
     D:4: 759 daAuts
     D:2: 714 daAuts
     D:5: 362 daAuts
